Workbook

Sheet Instructions
A1: Appendix 2- Pricing Schedule
C4: General Information
C5: Project Title | D5: RFT for the supply of Property & Exhibits Management System (PEMS) Peripheral Equipment consisting of Electronic Signature Capture Devices, Handheld Barcode Scanners and Desktop Label Printers for An Garda Síochána
C6: Required Date | D6: 21st August 2026
C7: AGS Category IT Procurement | D7: Ronan Killleen
C8: AGS Category Manager | D8: Linda Cullen
C10: Product Description
C11: A | D11: Electronic Signature Capture Devices comparable in performance to Topaz T-L460-HSB-R or equivalent
C12: B | D12: Hand-Held Wired Barcode Scanners comparable in performance to Zebra DS2208-SR7U2 Zebra DS2208 or equivalent
C13: C | D13: Barcode Label Printers comparable in performance to Zebra ZD421T Label Printer Wired & Wireless Bluetooth Product SKU: ZD4A043-30EM00EZ or equivalent.
C14: D | D14: Compatible Barcode Printer Ribbons
C15: E | D15: Compatible Barcode Printer Labels (102mm x 51mm)
C19: Instructions
C20: 1 | D20: Tenderers are required to complete the Pricing Schedule and Appendix A
C21: 2 | D21: All prices must be quoted in € (euro) and exclusive of VAT.
C22: 3 | D22: Please ensure the signature box at the bottom of this worksheet is completed
C23: 4 | D23: Failure to complete and return this Pricing Schedule document as part of the Tender submission will result in the tender being rejected as non compliant.
C25: Signed: | E25: Position:
C26: Print Name: | E26: Phone No:
C27: Company Name: | E27: Date:
C28: Address:
C29: Email:

Sheet Pricing Schedule
A1: =Instructions!D5 -> RFT for the supply of Property & Exhibits Management System (PEMS) Peripheral Equipment consisting of Electronic Signature Capture Devices, Handheld Barcode Scanners and Desktop Label Printers for An Garda Síochána
A2: All prices quoted must be for both individual units and the full annual quantity of printers, scanners and labels and be fixed for the duration of the contract as outlined in Appendix 1. Tender Award Criteria - Ultimate Cost - Weighting 250 Marks Tender prices must be submitted in Euro only and be exclusive of VAT. Tenderers must include all associated costs. Please use the Notes field where required.
A3: Note to Tenderers: While the values inserted (yellow section) will not form part of the evaluation, the costs included in the yellow section for one-off requirements to Garda stations and offices across the country will remain fixed for the duration as stated in the RFT Document Section 2.10 Pricing.
A4: Tenderers Name: | F4: Cost Proposal - For Evaluation
A5: Electronic Signature Pad Make and Model Number:
A6: Scanner Make and Model Number: | F6: Please provide the cost for the quantities listed below Include any applicable information on volume discounts where appropriate
A7: Printer Make and Model Number:
A8: Cost per individual unit | F8: Quantities as listed below
A9: Description | B9: Unit of Measure (Approx) | C9: Cost Per Unit / Roll (€) | D9: Lead Times Weeks | E9: Tenderers Notes | F9: Description | G9: Unit of Measure | H9: Quantity | I9: Discounted Cost Per Unit / Roll (€) | J9: Total Cost (€) | K9: Lead Times Weeks | L9: Tenderers Notes
A10: =Instructions!D11 -> Electronic Signature Capture Devices comparable in performance to Topaz T-L460-HSB-R or equivalent | B10: Each | C10: 0 | F10: =Instructions!D11 -> Electronic Signature Capture Devices comparable in performance to Topaz T-L460-HSB-R or equivalent | G10: Each | H10: 200 | I10: 0 | J10: =SUM(I10*H10) -> 0
A11: =Instructions!D12 -> Hand-Held Wired Barcode Scanners comparable in performance to Zebra DS2208-SR7U2 Zebra DS2208 or equivalent | B11: Each | C11: 0 | F11: =Instructions!D12 -> Hand-Held Wired Barcode Scanners comparable in performance to Zebra DS2208-SR7U2 Zebra DS2208 or equivalent | G11: Each | H11: 200 | I11: 0 | J11: =SUM(I11*H11) -> 0
A12: =Instructions!D13 -> Barcode Label Printers comparable in performance to Zebra ZD421T Label Printer Wired & Wireless Bluetooth Product SKU: ZD4A043-30EM00EZ or equivalent. | B12: Each | C12: 0 | F12: =Instructions!D13 -> Barcode Label Printers comparable in performance to Zebra ZD421T Label Printer Wired & Wireless Bluetooth Product SKU: ZD4A043-30EM00EZ or equivalent. | G12: Each | H12: 200 | I12: 0 | J12: =SUM(I12*H12) -> 0
A13: =Instructions!D14 -> Compatible Barcode Printer Ribbons | B13: Each | C13: 0 | F13: =Instructions!D14 -> Compatible Barcode Printer Ribbons | G13: Each | H13: 100 | I13: 0 | J13: =SUM(I13*H13) -> 0
A14: =Instructions!D15 -> Compatible Barcode Printer Labels (102mm x 51mm) | B14: Roll of 1,520 | C14: 0 | F14: =Instructions!D15 -> Compatible Barcode Printer Labels (102mm x 51mm) | G14: Roll of 1,520 | H14: 200 | I14: 0 | J14: =SUM(I14*H14) -> 0
J15: =SUM(I15*H15) -> 0
J16: =SUM(I16*H16) -> 0
J17: =SUM(I17*H17) -> 0
A18: For the purpose of Tender evaluation and pricing a single delivery location is provided 1 x Delivery Cost to each location - to include all shipping charges, insurance, customs duties and all aspects as outlined in Delivered Duty Paid (DDP) incoterms, (if not already included in purchase cost) (C3) An Garda Síochána IT Operations & Security Garda IT Centre, Garda Headquarters, Phoenix Park, Dublin 8, Ireland, D08 HN3X The successful contractor must include Logistical costs for delivering to any AGS office or Station countrywide under the resulting contract. | C18: 0 | F18: For the purpose of Tender evaluation and pricing a single delivery location is provided 1 x Delivery Cost to each location - to include all shipping charges, insurance, customs duties and all aspects as outlined in Delivered Duty Paid (DDP) incoterms, (if not already included in purchase cost) (C3) An Garda Síochána IT Operations & Security Garda IT Centre, Garda Headquarters, Phoenix Park, Dublin 8, Ireland, D08 HN3X The successful contractor must include Logistical costs for delivering to any AGS office or Station countrywide under the resulting contract. | H18: 1 | I18: 0 | J18: =SUM(I18*H18) -> 0
A19: 3 Year - Extended Manufacturer Warranty, Support & Maintenance Service Contract for the Desktop Barcode Label Printers, (if not already included) inline with all requirements as stipulated in the Tender Response Document including all software updates & technical support. | C19: 0 | F19: 3 Year - Extended manufacturer Warranty, Support & Maintenance Service Contract for the Desktop Barcode Label Printers, (if not already included) inline with all requirements as stipulated in the Tender Response Document including all software updates & technical support. | H19: 200 | I19: 0 | J19: =SUM(I19*H19) -> 0
A20: Individual Unit Price for 1 E-Sig Device,1 Barcode Scanner,1 Barcode Printer(plus 3yr warranty),1 Roll of Label Size & 1 Roll of Printer Ribbon: | C20: =SUM(C10:C19) -> 0 | F20: Total Price for 200 E-Sig Devices/Printers/Scanners & the Estimated Label/Ribbons Requirements: | J20: =SUM(J10:J19) -> 0
A24: Pricing Score = | C24: Lowest Tendered Price x Max Points
C25: Price of bid being evaluated
A27: Note: Please include all relevant information for your Quotation in the table provided. Should alternative options be available please copy the table and provide the additional information.
A28: Briefly outline discounts offered (e.g. public sector discount); if no discount is offered please state “n/a”.

Sheet Appendix A Device Specs
A1: Appendix A
A2: Product Type | B2: Device Currently in Use across An Garda Siochana | C2: Dimensions of Device | D2: Dimensions of Signing Area ( human readable text) | E2: Sensor Type | F2: Pen Type | G2: Signature visible on Device | H2: Signature Authentication Capability | I2: Backlit | J2: Temperature Range (Device will withstand this temperature range) | K2: Water Resistant | L2: Compatibile with Current AGS PEMS Equipement(Scanner/Printer) | M2: Energy Efficient | N2: Warranty Option (In Months) | O2: Warranty Renewal Option | P2: Note: All Devices must provide good durability(1-2 years)in Outdoor enviroment.
A4: A | B4: =Instructions!D11 -> Electronic Signature Capture Devices comparable in performance to Topaz T-L460-HSB-R or equivalent | C4: 152mm x 95mm x 36mm (approx) | D4: 112mm x 33mm (approx) | E4: 3rd generation touch screen; Rated to 1 million signatures | F4: Patented passive, Rugged, Battery less and Tethered | G4: Forensic quality | H4: Required | I4: Required | J4: 5-40 Celsius | K4: Required | L4: Required | M4: Required | N4: 24 | O4: Required | P4: Required
A5: Alternative Option
A8: Product Type | B8: Device Currently in Use across An Garda Siochana | C8: Dimensions of Device | D8: Omni-directional Scanning ( human readable text) | E8: Scan Type | F8: Connectivity Technology | G8: Scanning Range | H8: Wired/Wireless | I8: Backlit | J8: Temperature Range (Device will withstand this temperature range) | K8: Water Resistant | L8: Compatibile with Current AGS PEMS Equipement(E-Sig Capture Device/Printer) | M8: Compatibile with Alternative Option | N8: RoHS Compliant | O8: Energy Efficient | P8: Warranty Option (In Months) | Q8: Warranty Renewal Option | R8: Note: All Devices must provide good durability(2-3 years)in Outdoor enviroment.
A10: B | B10: =Instructions!D12 -> Hand-Held Wired Barcode Scanners comparable in performance to Zebra DS2208-SR7U2 Zebra DS2208 or equivalent | C10: 16.5cm H x 6.6cm W x 9.9cm D | D10: Required | E10: 2D & 1D | F10: USB | G10: 1.23 cm to 36.8 cm | H10: Wired | I10: n/a | J10: 5-40 Celsius | K10: Required | L10: Required | M10: TBC | N10: Required | O10: Required | P10: 24 | Q10: Required | R10: Required
A11: Alternative Option
A14: Product Type | B14: Device Currently in Use across An Garda Siochana | C14: Dimensions of Device | D14: Printer Type | E14: Printer Fonts | F14: Connectivity Technology | G14: Operating System | H14: Max Resolution | I14: Max Paper Size | J14: Max Printing Width | K14: Media thickness | L14: Cables included | M14: Lubrication | N14: Replaceable Print Head | O14: Water Resistant | P14: Compatibile with Current AGS Hardware | Q14: Compatibile with Alternative Option | R14: RoHS Compliant | S14: Energy Efficient | T14: Warranty Option (In Months) | U14: Warranty Renewal Option | V14: Note: All Devices must provide good durability(2-3 years)in Outdoor enviroment. | W14: Product and Battery Recycling Provided
A16: C | B16: =Instructions!D13 -> Barcode Label Printers comparable in performance to Zebra ZD421T Label Printer Wired & Wireless Bluetooth Product SKU: ZD4A043-30EM00EZ or equivalent. | C16: 20.2cm x 26.7cm x 19.2cm | D16: Label printer - thermal transfer - monochrome | E16: Fonts A, B, C, D, E, F, G, H and GS to expand up to 10 times, height and width independently. However, fonts E and H (OCR-A and OCR-B) are not considered “in-spec” when expanded. | F16: USB | G16: Windows / iOS / Android | H16: 300 dpi | I16: Roll (11.2cm) | J16: 108mm | K16: 0.08mm - 0.19mm | L16: Required | M16: Self Lubrication of mechanical parts | N16: Required | O16: n/a | P16: Required | Q16: TBC | R16: Required | S16: Yes | T16: 36 | U16: yes | V16: Yes | W16: Yes
A17: Alternative Option
A20: Product Type | B20: Ribbons compatible with existing Product in use across An Garda Siochana. | C20: Dimensions of Ribbons | D20: Dimensions of Core ( human readable text) | E20: Ribbon Type | F20: Colour Type | G20: Chemical and Solvent Resistance | H20: For use with top-coated paper and matte synthetic materials | I20: In applications with moderate to hard exposure to water, chemicals, solvents or abrasion. | J20: Very Good Abrasion | K20: Water/Chemical/Solvent Resistant | L20: Compatibile with Current AGS Printer - Zebra Label Printer ZD421T | M20: Note: must provide good durability(2-3 years)in Outdoor enviroment.
A22: D | B22: Zebra Ribbons Part no: 03200GS11007 | C22: 110mm x 74m | D22: 12mm Core | E22: Wax/Resin | F22: Black | G22: Required | H22: Required | I22: Required | J22: Required | K22: Required | L22: Required | M22: Required
A23: Alternative option
A27: Label Type | B27: Label compatible with existing Product in use across An Garda Siochana. | C27: Dimensions of White Printable Area (all with barcode & human readable text) | D27: Thermal transfer matte polypropylene label | E27: Permenant Adhesive | F27: Label Thickness (mm) | G27: Temperature Range (Labels will withstand this temperature range) | H27: Water Resistant | I27: Compatibile with Current AGS Label Printers ZEBRA ZD421T 300 DPI LABEL PRINTER Model SKU ZD4A043-30EE00E | J27: Item Curved | K27: Additional Requirements | L27: Additional Requirements
K28: Note: All labels must to be non-tear with good smear & scratch resisitance. | L28: Note: All labels must provide good durability(1-2 years)in Outdoor enviroment.
A29: E | B29: Paper File Cover & Paper/Plastic Bag Labels | C29: 102mm x 51mm (approx) | D29: Required | E29: Required | H29: Required | I29: Required | J29: Required | K29: Required | L29: Required
B30: (Case Labels)
A31: Alternative Option
